 Dungeon Crawl Stone Soup version 0.23.0-3-gf3c87f2 (webtiles) character file.

Game seed: 10536716500517065009

557 Paps the Covert (level 7, -2/42 HPs)
             Began as a Vampire Enchanter on Feb 19, 2019.
             Slain by Pikel
             ... wielding a +2 whip of electrocution
              (4 damage)
             ... on level 3 of the Dungeon.
             The game lasted 00:09:30 (4195 turns).

Paps the Covert (Vampire Enchanter)                 Turns: 4195, Time: 00:09:31

Health: -2/42      AC:  8    Str:  9    XL:     7   Next: 9%
Magic:  1/11       EV: 13    Int: 17    God:
Gold:   172        SH:  3    Dex: 15    Spells: 5/11 levels left

rFire    + . .     SeeInvis +   a - +1 short sword (speed)
rCold    + + .     Gourm    .   (no shield)
rNeg     + + +     Faith    .   b - +0 robe
rPois    ∞         Spirit   .   (no helmet)
rElec    .         Reflect  +   (no cloak)
rCorr    .         Harm     .   (no gloves)
MR       .....                  q - +2 pair of boots
Stlth    ++++++....             y - +3 amulet of reflection
HPRegen  0.00/turn              j - ring of protection from fire
MPRegen  0.12/turn              (no ring)

@: very slightly contaminated, bloodless, non-regenerating
A: rotting body, fangs 3, yellow scales 1, see invisible, frail 1, poison
resistance, shaggy fur 1, unbreathing
a: Bat Form


You were on level 3 of the Dungeon.
You were bloodless.

You visited 1 branch of the dungeon, and saw 4 of its levels.

You collected 172 gold pieces.

Inventory:

Hand Weapons
 a - a +1 short sword of speed (weapon)
Armour
 b - a +0 robe (worn)
 q - a +2 pair of boots (worn)
Jewellery
 j - a ring of protection from fire (left hand)
 y - a +3 amulet of reflection (around neck)
Wands
 m - a wand of digging (5)
 w - a wand of random effects (19)
 B - a wand of paralysis (9)
Scrolls
 e - 2 scrolls of blinking
 f - a scroll of identify
 g - a scroll of amnesia
 p - 2 scrolls of remove curse
 r - a scroll of random uselessness {unknown}
 s - a scroll of fog {unknown}
 v - a scroll of teleportation {unknown}
 A - a scroll of enchant armour {unknown}
Potions
 d - 14 potions of blood
 i - 3 potions of flight
 l - a potion of curing
 n - a potion of agility
 t - a potion of haste
 x - a potion of degeneration
 z - a potion of brilliance


   Skills:
 + Level 0.9 Fighting
 + Level 2.8 Short Blades
 + Level 2.6 Dodging
 * Level 9.9 Stealth
 + Level 2.6 Spellcasting
 * Level 6.2 Hexes


You had 5 spell levels left.
You knew the following spells:

 Your Spells              Type           Power        Failure   Level  Hunger
a - Corona                Hex            ###....      1%          1    #......
b - Ensorcelled Hibernat  Hex/Ice        ##....       8%          2    ##.....
c - Confuse               Hex            ###.....     4%          3    ###....

Your spell library contained the following spells:

 Spells                   Type           Power        Failure   Level  Hunger
 Tukima's Dance           Hex            ###.....     4%          3    ###....
 Dazzling Spray           Conj/Hex       ##....       16%         3    ###....


Dungeon Overview and Level Annotations

Branches:
Dungeon (4/15)
 Temple: D:4-7

Altars:
Makhleb
Okawaru
Wu Jian
Zin

Annotations:
D:3 Pikel


Innate Abilities, Weirdness & Mutations

Your body is rotting away.
You thrive on raw meat.
You do not heal naturally.
You are immune to poison.
You have razor-sharp teeth.
You have supernaturally acute eyesight. (SInv)
You can survive without breathing.
You are partially covered in yellow scales. (AC +2)
You are frail. (-10% HP)
Your system is resistant to poisons. (rPois)
You are covered in fur. (AC +1)


Message History

Pikel hits you but does no damage.
Pikel says, "You'll feel the lick of my whip!"
Casting: Ensorcelled Hibernation (safe; 8% risk of failure)
Confirm with . or Enter, or press ? or * to list all spells.
Aiming: Ensorcelled Hibernation (safe; 8% risk of failure)
Press: ? - help, Shift-Dir - straight line, f - Pikel
Aim: Pikel, wielding a +2 whip of electrocution and wearing a +0 robe (chance to defeat MR: 43%) Pikel resists with some effort.
Pikel hits you but does no damage.
Pikel hits you with a +2 whip of electrocution!
You are electrocuted!
* * * LOW HITPOINT WARNING * * *
Casting: Ensorcelled Hibernation (safe; 8% risk of failure)
Confirm with . or Enter, or press ? or * to list all spells.
Aiming: Ensorcelled Hibernation (safe; 8% risk of failure)
Press: ? - help, Shift-Dir - straight line, f/p - Pikel
Aim: Pikel, wielding a +2 whip of electrocution and wearing a +0 robe (chance to defeat MR: 43%) Pikel resists with some effort.
Pikel scowls and wipes his hands on his robe.
Pikel hits you with a +2 whip of electrocution.
You die...

.# #.##........#.## ##.##. ##
#.##..........# #.##.
###########.##........#.# ##.##.
............##>......##.# ##...##
......####..##..........###..♣..#
.......<.......%..<.###.##.......
#.###............#.........♣.....
#.# ######.#####.#............>..
#.# #.# #@#####.....♣..... #.#
#.# #K# #.###....... #.########.#
#.# #.# ##..♣..# ...........#
#.#####.# ##...## ######.#####
#.......# #.###. #.#
#######.#####.# #. #.# #.......#
#. ### #.# #.##.#### #. ..## #.#
#.##.# #.


You could see Pikel.

Vanquished Creatures
  A slave (D:4)
  3 ogres
  Blork the orc (D:4)
  A crimson imp (D:4)
  An orc priest (D:3)
  2 orc wizards (D:3)
  A worker ant (D:3)
  5 adders
  An adder skeleton (D:4)
  2 worms (D:2)
  2 dart slugs
  2 leopard geckos
  2 orcs (D:3)
  A ball python (D:4)
  2 giant cockroaches
  4 hobgoblins
  5 kobolds
  2 quokkas
  8 bats
  3 frilled lizards (D:2)
  7 rats
56 creatures vanquished.

Notes
Turn   | Place    | Note
-------+----------+-------------------------------------------
     0 | D:1      | Paps the Vampire Enchanter began the quest for the Orb.
     0 | D:1      | Reached XP level 1. HP: 13/13 MP: 3/3
   428 | D:1      | Reached skill level 5 in Stealth
   433 | D:1      | Reached XP level 2. HP: 7/19 MP: 5/5
   437 | D:1      | Learned a level 2 spell: Ensorcelled Hibernation
  1211 | D:2      | Found a glowing silver altar of Zin.
  1211 | D:2      | Found a burning altar of Makhleb.
  1212 | D:2      | Noticed a green death
  1212 | D:2      | Noticed an angel
  1263 | D:2      | Reached XP level 3. HP: 18/24 MP: 3/6
  1268 | D:2      | Learned a level 3 spell: Confuse
  1503 | D:2      | Reached skill level 6 in Stealth
  1550 | D:2      | Found an ornate altar of the Wu Jian Council.
  1936 | D:2      | Reached skill level 7 in Stealth
  1936 | D:2      | Reached XP level 4. HP: 30/30 MP: 5/7
  2102 | D:3      | Reached skill level 5 in Hexes
  2397 | D:3      | Found an iron altar of Okawaru.
  2726 | D:3      | Noticed an ogre
  2730 | D:3      | Killed an ogre
  2730 | D:3      | Reached skill level 8 in Stealth
  2730 | D:3      | Reached XP level 5. HP: 36/36 MP: 5/8
  2955 | D:3      | Reached XP level 6. HP: 42/42 MP: 2/9
  3405 | D:4      | Reached skill level 9 in Stealth
  3534 | D:4      | Noticed Blork the orc
  3542 | D:4      | Killed Blork the orc
  4084 | D:4      | Reached XP level 7. HP: 47/47 MP: 7/11
  4139 | D:4      | Gained mutation: You tend to lose your temper in combat.
                  | [potion of mutation]
  4139 | D:4      | Lost mutation: You tend to lose your temper in combat.
                  | [potion of mutation]
  4139 | D:4      | Gained mutation: Your magical capacity is low. (-10% MP)
                  | [potion of mutation]
  4139 | D:4      | Gained mutation: You are surrounded by a mild repulsion
                  | field. (EV +2) [potion of mutation]
  4140 | D:4      | Lost mutation: Your magical capacity is low. (-10% MP)
                  | [potion of mutation]
  4140 | D:4      | Lost mutation: You are surrounded by a mild repulsion
                  | field. (EV +2) [potion of mutation]
  4140 | D:4      | Gained mutation: Your spells are a little harder to cast,
                  | but a little more powerful. [potion of mutation]
  4140 | D:4      | Gained mutation: You have a pair of small antennae on your
                  | head. [potion of mutation]
  4141 | D:4      | Lost mutation: Your spells are a little harder to cast, but
                  | a little more powerful. [potion of mutation]
  4141 | D:4      | Lost mutation: You have a pair of small antennae on your
                  | head. [potion of mutation]
  4141 | D:4      | Gained mutation: You are frail. (-10% HP) [potion of
                  | mutation]
  4141 | D:4      | Gained mutation: You are partially covered in yellow
                  | scales. (AC +2) [potion of mutation]
  4141 | D:4      | Gained mutation: You are covered in fur. (AC +1) [potion of
                  | mutation]
  4141 | D:4      | Gained mutation: Your system is resistant to poisons.
                  | (rPois) [potion of mutation]
  4161 | D:4      | Noticed Pikel
  4193 | D:3      | HP: 2/42 [Pikel/+2 whip of electrocution (14)]
  4195 | D:3      | Slain by Pikel

Skill      XL: |  1  2  3  4  5  6 |
---------------+-------------------+-----
Stealth        | 5 7 8 9 |  9.9
Hexes          | 5 6 |  6.2
Short Blades   | 2 |  2.8
Fighting       | |  0.9
Dodging        | |  2.6
Spellcasting   | |  2.6

Action                   |  1- 3 |  4- 6 |  7- 9 || total
-------------------------+-------+-------+-------++-------
Melee: Dagger            |    36 |       |       ||    36
       Bite              |     3 |     4 |       ||     7
       Short sword       |    25 |    60 |    10 ||    95
 Cast: Ensorcelled Hiber |     5 |    16 |     6 ||    27
       Confuse           |       |     2 |       ||     2
  Use: Potion            |       |     2 |     3 ||     5
       Scroll            |       |       |    14 ||    14
 Stab: Sleeping          |    23 |    17 |     1 ||    41
       Confused          |       |     1 |       ||     1
Armor: Robe              |     6 |    13 |     5 ||    24
Dodge: Dodged            |    22 |    32 |     5 ||    59
Block: Other             |       |       |     1 ||     1
